 Seeded DCSS version 0.31-a0-557-g6e16503903 (webtiles) character file.

Game seed: 16161720884980326079 (custom seed)

58 innerfire43 the Ruffian (level 4, -2/34 HPs)
             Began as a Gnoll Shapeshifter on Aug 16, 2023.
             Was a Follower of Okawaru.
             Slain by a goblin
             ... wielding a +0 dagger
             ... led by Robin
              (5 damage)
             ... on level 2 of the Dungeon.
             The game lasted 00:01:14 (737 turns).

innerfire43 the Ruffian (Gnoll Shapeshifter)         Turns: 737, Time: 00:01:15

Health: -2/34      AC:  3    Str: 16    XL:     4   Next: 2%
Magic:  5/5        EV: 13    Int:  7    God:    Okawaru [*.....]
Gold:   52         SH:  0    Dex: 13    Spells: 5/5 levels left

rFire   . .          .
                       - Unarmed
rCold   . . .        (shield currently unavailable)
rNeg    . . .        a - +0 animal skin
rPois   .            g - +0 helmet
rElec   .            (no cloak)
rCorr   .            (no gloves)
SInv    .            (no boots)
Will    .....        k - amulet of faith
Stlth   +            (no ring)
HPRegen 0.25/turn    (no ring)
MPRegen 0.09/turn

%: faith
@: flux-form, glowing
A: glow, contaminating, fangs 1, strong nose, distributed training
a: Begin Untransformation, Renounce Religion, Heroism


You were on level 2 of the Dungeon.
You worshipped Okawaru.
Okawaru was aware of your devotion.
You were something dangerously unstable.
You visited 1 branch of the dungeon, and saw 2 of its levels.

You collected 52 gold pieces.

Inventory:

Armour
 a - a +0 animal skin (worn)
 g - a +0 helmet (worn)
Jewellery
 k - an amulet of faith (around neck)
Talismans
 c - a beast talisman
 d - a flux talisman (active)
Scrolls
 e - a scroll of brand weapon {unknown}
 f - a scroll of fog {unknown}
 h - 2 scrolls of silence {unknown}
Potions
 b - a potion of lignification
 i - a potion of haste {unknown}
 j - a potion of ambrosia {unknown}


   Skills:
 + Level 2.7 Fighting
 + Level 1.0 Short Blades
 + Level 1.0 Long Blades
 + Level 1.0 Axes
 + Level 1.0 Maces & Flails
 + Level 1.0 Polearms
 + Level 1.0 Staves
 + Level 1.0 Ranged Weapons
 + Level 1.0 Throwing
 + Level 1.0 Armour
 + Level 4.6 Dodging
 + Level 1.0 Stealth
 + Level 1.0 Shields
 + Level 6.5 Unarmed Combat
 + Level 1.0 Spellcasting
 + Level 0.7 Conjurations
 + Level 0.7 Hexes
 + Level 0.7 Summonings
 + Level 0.7 Necromancy
 + Level 0.7 Translocations
 + Level 0.7 Transmutations
 + Level 0.7 Fire Magic
 + Level 0.7 Ice Magic
 + Level 0.7 Air Magic
 + Level 0.7 Earth Magic
 + Level 0.7 Poison Magic
 + Level 1.1 Invocations
 + Level 1.0 Evocations
 + Level 6.5 Shapeshifting


You had 5 spell levels left.
You didn't know any spells.
Your spell library was empty.

Dungeon Overview and Level Annotations

Branches:
Dungeon (2/15)

Altars:
Okawaru

Annotations:
D:2 Robin


Innate Abilities, Weirdness & Mutations

You are something dangerously unstable.
You glow with magical radiation, making you easy to see and hit.
Foes you strike become dangerously contaminated with magical radiation.
You are incapable of wielding weapons or throwing items.
You have very sharp teeth.
Your uncanny sense of smell can sniff out nearby items.
Your experience applies equally to all skills.


Message History

Okawaru accepts your kill. The goblin completely misses you.
You punch the hobgoblin!
You kill the hobgoblin!
Okawaru accepts your kill. The goblin barely misses you.
Unknown command.
You hit the goblin.
You kill the goblin!
Okawaru accepts your kill. The goblin closely misses you.
You have reached level 4!
You feel agile.
You hit the kobold.
The kobold begins to glow.
The kobold is severely wounded.
The goblin hits you but does no damage. The kobold hits you but does no damage.
You completely miss the kobold. You bite the kobold, but do no damage.
The kobold is severely wounded.
The goblin no longer looks unusually strong. x2
Unknown command.
You hit the kobold.
You kill the kobold!
Okawaru accepts your kill.
Robin roars a battlecry!
The goblins go into a battle-frenzy!
The goblin closely misses you.
Unknown command.
You completely miss the hobgoblin. Your bite misses the hobgoblin.
The hobgoblin misses you. The goblin hits you with a +0 dagger.
* * * LOW HITPOINT WARNING * * *
Unknown command.
You hit the hobgoblin.
The hobgoblin begins to glow.
You bite the hobgoblin, but do no damage.
The hobgoblin is moderately wounded.
The hobgoblin barely misses you. The goblin barely misses you.
Unknown command.
You barely miss the hobgoblin.
The hobgoblin is moderately wounded.
The hobgoblin closely misses you. The goblin hits you with a +0 dagger.
You die...

#....#.#.).###
######'#...#
###......### ......†..#
..)....).# ###
...)...†.# ....
######'### .....
######.###########g.....
...............gBgg.....
....##.###########g.....
..#.##....###### .....
###..####......# ##..
##.## #......# .
#.†###......#
##..###.....#
####..##.....#
#(...........#


You could see Robin, 2 hobgoblins and 2 goblins.

Vanquished Creatures
  Terence (D:2)
  A worm (D:2)
  A dart slug (D:1)
  An endoplasm (D:1)
  10 goblins (D:2)
  3 hobgoblins
  6 kobolds
  A quokka (D:1)
  A frilled lizard (D:1)
  2 rats (D:2)
27 creatures vanquished.

Notes
Turn   | Place    | Note
-------+----------+-------------------------------------------
     0 | D:1      | innerfire43 the Gnoll Shapeshifter began the quest for the
                  | Orb.
     0 | D:1      | Reached XP level 1. HP: 17/17 MP: 1/1
   141 | D:1      | Found a faded altar of an unknown god.
   254 | D:1      | Reached XP level 2. HP: 23/23 MP: 2/2
   268 | D:1      | Prayed at the altar of an unknown god.
   268 | D:1      | Became a worshipper of Warmaster Okawaru
   268 | D:1      | Reached * piety under Okawaru
   569 | D:2      | Noticed Terence
   581 | D:2      | Killed Terence
   582 | D:2      | Reached skill level 1 in Invocations
   582 | D:2      | Reached XP level 3. HP: 7/28 MP: 2/4
   709 | D:2      | Identified the +2 helmet "Paunutas" {rC- Will++ Dex+4 SInv}
   709 | D:2      | Noticed Robin
   713 | D:2      | Reached skill level 1 in Short Blades
   713 | D:2      | Reached skill level 1 in Long Blades
   713 | D:2      | Reached skill level 1 in Axes
   713 | D:2      | Reached skill level 1 in Maces & Flails
   713 | D:2      | Reached skill level 1 in Polearms
   713 | D:2      | Reached skill level 1 in Staves
   713 | D:2      | Reached skill level 1 in Ranged Weapons
   713 | D:2      | Reached skill level 1 in Throwing
   713 | D:2      | Reached skill level 1 in Armour
   713 | D:2      | Reached skill level 1 in Stealth
   713 | D:2      | Reached skill level 1 in Shields
   713 | D:2      | Reached skill level 1 in Spellcasting
   713 | D:2      | Reached skill level 1 in Evocations
   732 | D:2      | Reached XP level 4. HP: 7/34 MP: 5/5
   737 | D:2      | Slain by a goblin

Illustrated notes

Levels and vault maps discovered:
D:1:      nzn_arrival_settlement, layout_rooms,
          shapermc_ecumenical_altar_starsandcircs
D:2:      layout_basic, feat_on_display, uniq_jessica, uniq_robin,
          uniq_crazy_yiuf_cottage, uniq_terence

Skill      XL: |  1  2  3 |
---------------+----------+-----
Invocations    | 1 |  1.1
Short Blades   | 1 |  1.0
Long Blades    | 1 |  1.0
Axes           | 1 |  1.0
Maces & Flails | 1 |  1.0
Polearms       | 1 |  1.0
Staves         | 1 |  1.0
Ranged Weapons | 1 |  1.0
Throwing       | 1 |  1.0
Armour         | 1 |  1.0
Stealth        | 1 |  1.0
Shields        | 1 |  1.0
Spellcasting   | 1 |  1.0
Evocations     | 1 |  1.0
Fighting       | |  2.7
Dodging        | |  4.6
Unarmed Combat | |  6.5
Conjurations   | |  0.7
Hexes          | |  0.7
Summonings     | |  0.7
Necromancy     | |  0.7
Translocations | |  0.7
Transmutations | |  0.7
Fire Magic     | |  0.7
Ice Magic      | |  0.7
Air Magic      | |  0.7
Earth Magic    | |  0.7
Poison Magic   | |  0.7
Shapeshifting  | |  6.5

Action                     |  1- 3 |  4- 6 || total
---------------------------+-------+-------++-------
  Melee: Unarmed           |    63 |     6 ||    69
         Bite              |    11 |     2 ||    13
    Use: Potion            |     1 |       ||     1
 Armour: Animal skin       |     7 |     2 ||     9
  Dodge: Dodged            |    44 |     5 ||    49
   Form: Flux              |     1 |       ||     1

Table legend: (Time is in decaauts)
 A = Elapsed time spent in this place.
 B = Non-inter-level travel time spent in this place.
 C = Inter-level travel time spent in this place.
 D = Time resting spent in this place.
 E = Time spent auto-exploring this place.
 F = Levels seen in this place.
 G = Mean time per level.
                   A        B        C        D        E       F      G
               +--------+--------+--------+--------+--------+-----+--------+
         Total |    728 |    702 |     26 |      0 |    526 |   2 |  364.0 |
       Dungeon |    728 |    702 |     26 |      0 |    526 |   2 |  364.0 |
               +--------+--------+--------+--------+--------+-----+--------+

Top non-repeatable levels by time:
     D:1: 514 daAuts
     D:2: 214 daAuts
